 Dungeon Crawl Stone Soup version 0.27-a0-12-g5dcdf963e0 (webtiles) character file.

Game seed: 10601918920775137958

43 Conn the Sneak (level 3, -8/21 HPs)
             Began as an Octopode Fire Elementalist on Jan 2, 2021.
             Mangled by an iguana (11 damage)
             ... on level 2 of the Dungeon.
             The game lasted 00:03:59 (1951 turns).

Conn the Sneak (Octopode Fire Elementalist)         Turns: 1951, Time: 00:03:59

Health: -8/21      AC:  1    Str:  7    XL:     3   Next: 58%
Magic:  5/6        EV: 13    Int: 18    God:
Gold:   49         SH:  0    Dex: 12    Spells: 5/6 levels left

rFire    . . .     SeeInvis +   g - +0 short sword
rCold    . . .     Faith    .   (no shield)
rNeg     . . .     Spirit   .   (helmet restricted)
rPois    .         Reflect  .   (no amulet)
rElec    .         Harm     .   a - ring of stealth
rCorr    .         Rampage  .   c - ring of see invisible
Will     .....                  (no ring)
Stlth    ++++......             (no ring)
HPRegen  0.07/turn              (no ring)
MPRegen  0.10/turn              (no ring)
                                (no ring)
                                (no ring)

@: no status effects
A: almost no armour, stealthy swim, amphibious, 8 rings, constrict 8, camouflage
1, gelatinous body 1
a: no special abilities


You were on level 2 of the Dungeon.
You visited 1 branch of the dungeon, and saw 3 of its levels.

You collected 49 gold pieces.

Inventory:

Hand Weapons
 g - a +0 short sword (weapon)
Missiles
 h - 5 poisoned darts
Jewellery
 a - a ring of stealth (left tentacle)
 c - a ring of see invisible (right tentacle)
Wands
 f - a wand of acid (10)
Scrolls
 b - a scroll of identify
 d - 3 scrolls of enchant weapon {unknown}
 e - a scroll of fog
 j - a scroll of remove curse {unknown}


   Skills:
 + Level 0.2 Short Blades
 + Level 2.4 Dodging
 + Level 3.7 Stealth
 + Level 0.3 Unarmed Combat
 + Level 2.1 Spellcasting
 + Level 1.0 Conjurations
 + Level 3.5 Fire Magic


You had 5 spell levels left.
You knew the following spells:

 Your Spells              Type           Power        Failure   Level
a - Foxfire               Conj/Fire      40%          7%          1

Your spell library contained the following spells:

 Spells                   Type           Power        Failure   Level
 Conjure Flame            Conj/Fire      10%          21%         3
 Inner Flame              Hex/Fire       8%           26%         3
 Sticky Flame             Conj/Fire      10%          56%         4
 Fireball                 Conj/Fire      5%           88%         5


Dungeon Overview and Level Annotations

Branches:
Dungeon (3/15)

Altars:
Qazlal


Innate Abilities, Weirdness & Mutations

You cannot wear most types of armour.
You are very stealthy in the water. (Stealth+)
You are amphibious.
You can wear up to eight rings at the same time.
You can use your tentacles to constrict eight enemies at once.
Your skin changes colour to match your surroundings (Stealth+).
Your rubbery body absorbs attacks. (AC +1, EV +1)


Message History

Your squeeze misses the iguana.
The iguana is heavily wounded.
The iguana bites you!
Unknown command.
The kobold throws a stone.
The stone hits you but does no damage.
You see here a stone.
The iguana bites you!
* * * LOW HITPOINT WARNING * * *
You aren't carrying any potions.
As you read the scroll labelled JALER JUSH, it crumbles to dust.
It is a scroll of identify.
e - a scroll of fog The iguana bites you.
* * * LOW HITPOINT WARNING * * *
You aren't carrying any potions.
As you read the scroll labelled METRUI ZAL ZUG, it crumbles to dust.
The creatures around you are filled with an inner flame!
It was a scroll of immolation.
The iguana bites you!
Ouch! That really hurt!
You die...

######### #####.l@....#
####....K#####.######
#.......(.##........#
#######.........##...####.#######
......+..........................
.....##...#.###K##....#.#.#######
.....##...#.# #.##....#.#.##.....
..........#.# #.#.....#.#.##.....
.......####.# #.#.....#..........


You could see an iguana (inner flame) and a kobold.

Vanquished Creatures
  A worm (D:2)
  2 leopard geckos
  3 orcs (D:3)
  2 giant cockroaches (D:2)
  A goblin (D:1)
  4 hobgoblins (D:1)
  4 jackals (D:1)
  4 bats
  3 frilled lizards (D:2)
  3 kobolds
  5 rats
32 creatures vanquished.

Vanquished Creatures (others)
  71 foxfires
71 creatures vanquished.

Grand Total: 103 creatures vanquished

Notes
Turn   | Place    | Note
-------+----------+-------------------------------------------
     0 | D:1      | Conn the Octopode Fire Elementalist began the quest for the
                  | Orb.
     0 | D:1      | Reached XP level 1. HP: 11/11 MP: 3/3
   146 | D:2      | Found a stormy altar of Qazlal.
   435 | D:3      | Reached XP level 2. HP: 15/17 MP: 0/5
  1091 | D:1      | Reached XP level 3. HP: 21/21 MP: 6/6
  1951 | D:2      | Mangled by an iguana

Illustrated notes

Levels and vault maps discovered:
D:1:      dpeg_cavernosity, layout_loops_ring
D:2:      minmay_chambers_of_twos, layout_basic,
          gammafunk_temple_overflow_elements, lemuel_doored_altar,
          minmay_tromino_v2
D:3:      layout_basic, nicolae_overflow_hidden_temple,
          kennysheep_generic_room_2

Skill      XL: |  1  2 |
---------------+-------+-----
Stealth        | 3 |  3.7
Short Blades   | |  0.2
Dodging        | |  2.4
Unarmed Combat | |  0.3
Spellcasting   | |  2.1
Conjurations   | |  1.0
Fire Magic     | |  3.5

Action                   || total
-------------------------++-------
Melee: Unarmed           ||    11
       Constrict         ||    14
       Tentacles         ||    10
       Short sword       ||    37
 Cast: Foxfire           ||    42
  Use: Scroll            ||     2
       Potion            ||     1
 Stab: Sleeping          ||     3
Armor: Skin              ||     5
Dodge: Dodged            ||    49

Table legend: (Time is in decaauts)
 A = Elapsed time spent in this place.
 B = Non-inter-level travel time spent in this place.
 C = Inter-level travel time spent in this place.
 D = Time resting spent in this place.
 E = Time spent auto-exploring this place.
 F = Levels seen in this place.
 G = Mean time per level.
                   A        B        C        D        E       F      G
               +--------+--------+--------+--------+--------+-----+--------+
         Total |   1940 |   1940 |      0 |    553 |    927 |   3 |  646.7 |
       Dungeon |   1940 |   1940 |      0 |    553 |    927 |   3 |  646.7 |
               +--------+--------+--------+--------+--------+-----+--------+

Top non-repeatable levels by time:
     D:1: 820 daAuts
     D:2: 812 daAuts
     D:3: 307 daAuts
